 Dungeon Crawl Stone Soup version 0.18.1-48-g4cf74bf (webtiles) character file.

107 Inkary the Shield-Bearer (level 4, -16/40 HPs)
             Began as a Minotaur Fighter on Aug 15, 2016.
             Demolished by an ogre
             ... wielding a +0 giant club
              (18 damage)
             ... on level 4 of the Dungeon.
             The game lasted 00:02:23 (1962 turns).

Inkary the Shield-Bearer (Minotaur Fighter)         Turns: 1962, Time: 00:02:25

Health: -16/40     AC:  9    Str: 20    XL:     4   Next: 56%
Magic:  3/3        EV:  8    Int:  5    God:
Gold:   79         SH:  9    Dex: 11    Spells: 0 memorised, 3 levels left

rFire  . . .     SeeInvis .     a - +0 flail
rCold  . . .     Gourm    .     b - +0 scale mail
rNeg   . . .     Faith    .     c - +0 shield
rPois  .         Spirit   .     (helmet restricted)
rElec  .         Dismiss  .     n - +0 cloak
rCorr  .         Reflect  .     g - +0 pair of gloves (curse)
SustAt .         Harm     .     (no boots)
MR     .....                    (no amulet)
Stlth  ..........               (no ring)
                                (no ring)

@: not resistant to hostile enchantments, extremely unstealthy
A: retaliatory headbutt, horns 2
a: no special abilities


You were on level 4 of the Dungeon.
You were hungry.

You visited 1 branch of the dungeon, and saw 4 of its levels.

You collected 79 gold pieces.

Inventory:

Hand Weapons
 a - a +0 flail (weapon)
Armour
 b - a +0 scale mail (worn)
 c - a +0 shield (worn)
 g - a cursed +0 pair of gloves (worn)
 n - a +0 cloak (worn)
Jewellery
 e - an uncursed ring of poison resistance {unknown}
 m - an uncursed ring of poison resistance {unknown}
 v - an uncursed ring of see invisible {unknown}
Wands
 s - a wand of acid (11/15)
Scrolls
 i - 2 scrolls of amnesia {unknown}
 j - 2 scrolls of teleportation {unknown}
 k - 7 scrolls of identify {unknown}
 l - a scroll of enchant weapon {unknown}
 r - 3 scrolls of remove curse {unknown}
Potions
 d - a potion of might
 h - a potion of magic {unknown}
 o - 2 potions of brilliance {unknown}
 p - 3 potions of heal wounds {unknown}
 q - a potion of resistance {unknown}
Comestibles
 f - 3 bread rations
 t - a meat ration


   Skills:
 + Level 4.3 Fighting
 + Level 2.9 Maces & Flails
 + Level 4.2 Armour
 + Level 1.3 Dodging
 + Level 0.3 Stealth
 + Level 4.8 Shields


You had 3 spell levels left.
You didn't know any spells.

Dungeon Overview and Level Annotations

Branches:
Dungeon (4/15)
 Temple: D:4-7

Altars:
Gozag
Nemelex Xobeh
Qazlal

Shops:
D:4 (


Innate Abilities, Weirdness & Mutations

You reflexively headbutt those who attack you in melee.
You have a pair of horns on your head.


Message History

Found a sparkling altar of Nemelex Xobeh.
An ogre is nearby!
An ogre is nearby!
The ogre hits you with a giant club!
You see here a scroll labeled QYPHAE QAINT.
Your shield and scale mail prevent you from hitting the ogre.
You block the ogre's attack.
You hit the ogre.
The ogre is lightly wounded.
You block the ogre's attack.
You closely miss the ogre. Your headbutt misses the ogre.
The ogre is lightly wounded.
The ogre closely misses you.
You closely miss the ogre.
The ogre is lightly wounded.
The ogre hits you with a giant club!!
Ouch! That really hurt!
* * * LOW HITPOINT WARNING * * *
The ogre hits you with a giant club!!
You die...

#### # #.. ##.
#.#
##⌠.⌠###.#####..
#.._....(.......
#.⌠.⌠.O@.......#
#...####.######
# #.# ####.#
#...># #....#
#...## ##.## #.#


You could see an ogre.

Vanquished Creatures
  3 adders
  2 oozes
  3 worms
  A dart slug (D:1)
  2 giant geckos (D:1)
  2 orcs (D:3)
  3 giant cockroaches
  A goblin (D:1)
  5 hobgoblins
  7 jackals
  2 quokkas
  A ball python (D:3)
  6 bats
  A giant gecko skeleton (D:4)
  5 giant newts
  8 kobolds
  6 rats
58 creatures vanquished.

Notes
Turn   | Place    | Note
--------------------------------------------------------------
     0 | D:1      | Inkary the Minotaur Fighter began the quest for the Orb.
     0 | D:1      | Reached XP level 1. HP: 19/19 MP: 0/0
   118 | D:1      | Reached XP level 2. HP: 27/27 MP: 1/1
   862 | D:2      | Found a stormy altar of Qazlal.
   902 | D:2      | Reached XP level 3. HP: 32/33 MP: 2/2
   979 | D:2      | Found an opulent altar of Gozag.
  1472 | D:3      | Reached XP level 4. HP: 36/40 MP: 3/3
  1493 | D:3      | Reached skill level 1 in Dodging
  1887 | D:4      | Found Ryitrubb's Antique Weapon Boutique.
  1957 | D:4      | Found a sparkling altar of Nemelex Xobeh.
  1957 | D:4      | Noticed an ogre
  1962 | D:4      | HP: 2/40 [ogre/giant club (22)]
  1962 | D:4      | Demolished by an ogre

Skill      XL: |  1  2  3  4 |
---------------+-------------+-----
Shields        | 4 |  4.8
Armour         | 4 |  4.2
Fighting       | 4 |  4.3
Dodging        | 1 |  1.3
Maces & Flails | |  2.9
Stealth        | |  0.3

Action                   |  1- 3 |  4- 6 || total
-------------------------+-------+-------++-------
Melee: Flail             |   101 |    50 ||   151
       Headbutt          |    12 |     7 ||    19
  Eat: Chunk             |     2 |     1 ||     3
Armor: Scale mail        |    46 |    25 ||    71
Dodge: Dodged            |    31 |    19 ||    50
Block: Shield            |    62 |    24 ||    86
